 Dungeon Crawl Stone Soup version 0.28.0-45-g0d030f2227 (webtiles) character file.

Game seed: 11069279229545879605

23 Icepheonix32 the Chiller (level 2, -1/21 HPs)
             Began as a Demonspawn Ice Elementalist on Apr 16, 2022.
             Slain by a kobold
             ... wielding a +0 dagger
              (3 damage)
             ... on level 2 of the Dungeon.
             The game lasted 00:01:25 (1062 turns).

Icepheonix32 the Chiller (DsIE)                     Turns: 1062, Time: 00:01:26

Health: -1/21      AC:  2    Str:  8    XL:     2   Next: 75%
Magic:  0/5        EV: 12    Int: 16    God:
Gold:   82         SH:  4    Dex: 13    Spells: 4/5 levels left

rFire   . . .      SeeInvis .   (no weapon)
rCold   . . .      Faith    .   (no shield)
rNeg    . . .      Spirit   .   a - +0 robe
rPois   .          Reflect  .   (no helmet)
rElec   .          Harm     .   (no cloak)
rCorr   .          Rampage  .   (no gloves)
Will    .....                   (no boots)
Stlth   ++........              (no amulet)
HPRegen 0.07/turn               (no ring)
MPRegen 0.09/turn               (no ring)

@: weak-willed
A: large bone plates 1
a: no special abilities


You were on level 2 of the Dungeon.
You visited 1 branch of the dungeon, and saw 2 of its levels.

You collected 82 gold pieces.

Inventory:

Armour
 a - a +0 robe (worn)
Jewellery
 b - a ring of flight
Potions
 c - a potion of invisibility {unknown}


   Skills:
 * Level 1.0 Fighting
 * Level 0.5 Armour
 + Level 1.7 Dodging
 + Level 1.7 Stealth
 + Level 2.1 Spellcasting
 + Level 4.0 Ice Magic


You had 4 spell levels left.
You knew the following spells:

 Your Spells              Type           Power      Damage    Failure   Level
a - Freeze                Ice            56%        1d7       3%          1

Your spell library contained the following spells:

 Spells                   Type           Power      Damage    Failure   Level
 Frozen Ramparts          Ice            28%        1d4       12%         3
 Ozocubu's Armour         Ice            14%        N/A       12%         3
 Hailstorm                Conj/Ice       8%         3d4       65%         4


Dungeon Overview and Level Annotations

Branches:
Dungeon (2/15)

Altars:

Shops:
D:1 [([


Innate Abilities, Weirdness & Mutations

You are partially covered in large bone plates. (SH +4)


Message History

A kobold comes into view. It is wielding a +0 dagger.
The kobold shouts!
The kobold throws a stone.
The stone hits you. The orc hits you with a +0 dagger.
The orc barely misses you. The orc misses you.
You closely miss the kobold. The orc hits you but does no damage.
The kobold misses you.
Unknown command.
You freeze the orc.
You kill the orc!
The kobold barely misses you.
You barely miss the kobold. The orc hits you with a +0 hand axe.
The kobold hits you with a +0 dagger.
* * * LOW HITPOINT WARNING * * *
You hit the kobold.
The kobold is moderately wounded.
The orc misses you. The kobold barely misses you.
Unknown command.
As you read the scroll labelled OKLESK ESEW, it crumbles to dust.
Your body is wracked with pain!
* * * LOW HITPOINT WARNING * * *
The orc convulses!
It was a scroll of torment.
The orc barely misses you. The kobold completely misses you.
Unknown command.
As you read the scroll labelled ZYPRUNGOBAX, it crumbles to dust.
Magic quickly surges around you.
It was a scroll of vulnerability.
You block the orc's attack. The kobold misses you.
Casting: Freeze (safe; 3% risk of failure)
Confirm with . or Enter, or press ? or * to list all spells.
Aiming: Freeze (safe; 3% risk of failure)
Press: ? - help, Shift-Dir - straight line, f - orc
Aim: an orc, wielding a +0 hand axe and wearing a +0 leather armour (moderately wounded, weak-willed)
You freeze the orc.
The orc is almost dead.
The orc barely misses you. The kobold hits you with a +0 dagger.
* * * LOW HITPOINT WARNING * * *
You hit the kobold but do no damage.
The kobold is moderately wounded.
The orc hits you but does no damage. The kobold hits you with a +0 dagger.
You die...

########### # ###
#<[.......# ... #.#
#.###.#####
.....#####)##
#.###..####
......).....###
####.#........
.....##.....o.#
#............. ...
####..#@###..#.#....##(#
# #..#K#.#..#.#....# .#
#...........#....# #
#..#......###....#
#(.#.#.#..# .....#
#......#..##......
................>..
##......#.#.#.
............. .


You could see an orc (weak-willed) and a kobold (weak-willed).

Vanquished Creatures
  A dart slug (D:1)
  4 orcs (D:2)
  2 ball pythons (D:1)
  An endoplasm (D:1)
  A giant cockroach (D:1)
  A hobgoblin (D:2)
  8 rats (D:1)
18 creatures vanquished.

Notes
Turn   | Place    | Note
-------+----------+-------------------------------------------
     0 | D:1      | Icepheonix32 the Demonspawn Ice Elementalist began the
                  | quest for the Orb.
     0 | D:1      | Reached XP level 1. HP: 13/13 MP: 3/3
    84 | D:1      | Found Ympeevas's Antique Armour Emporium.
   179 | D:1      | Found a faded altar of an unknown god.
   183 | D:1      | Found Zamera's Antique Weapon Shoppe.
   202 | D:1      | Found Kuveqed's Armour Boutique.
   396 | D:1      | Gained mutation: You are partially covered in large bone
                  | plates. (SH +4) [demonic ancestry]
   396 | D:1      | Reached XP level 2. HP: 18/20 MP: 3/5
   914 | D:2      | Reached skill level 1 in Fighting
  1043 | D:2      | Reached skill level 4 in Ice Magic
  1061 | D:2      | HP: 1/21 [kobold/+0 dagger (3)]
  1062 | D:2      | Slain by a kobold

Illustrated notes

Levels and vault maps discovered:
D:1:      grunt_arrival_crossed_arrows, layout_loops_ring, serial_shops, shop,
          shop, nicolae_shop_temple_entry_statues_fountains,
          chequers_ecumenical_altar_island
D:2:      wad_river_or_something, layout_basic

Skill      XL: |  1  2 |
---------------+-------+-----
Fighting       | 1 |  1.0
Ice Magic      | 4 |  4.0
Armour         | |  0.5
Dodging        | |  1.7
Stealth        | |  1.7
Spellcasting   | |  2.1

Action                   || total
-------------------------++-------
Melee: Unarmed           ||    15
 Cast: Freeze            ||    30
  Use: Scroll            ||     2
Armor: Robe              ||     8
Dodge: Dodged            ||    25
Block: Other             ||     4
